TOP OF THE 1ST |
Lehigh Valley IronPigs batting - Pitching for El Paso Chihuahuas : RHP Jorge Guerrero
|
Pitching: RHP Jorge Guerrero
|
|
Batting: RHB Joe Smack
|
0-0: Swinging Strike 0-1: Fly out, F8 (Flyball, 8LD, EV 92.5 MPH)
|
Batting: RHB Alberto Ramirez
|
0-0: Called Strike 0-1: Ball 1-1: Foul Ball, location: 2F 1-2: DOUBLE (Line Drive, 89D, EV 110.0 MPH)
|
Batting: SHB Phuck II
|
0-0: Ground out 3-1 (Groundball, 34, EV 99.4 MPH) Alberto Ramirez to third
|
Batting: RHB Quintin Parker
|
0-0: Ball 1-0: Called Strike 1-1: Ground out 4-3 (Groundball, 4S, EV 61.9 MPH)
|
Top of the 1st over - 0 runs, 1 hit, 0 errors, 1 left on base; Lehigh Valley 0 - El Paso 0 |
BOTTOM OF THE 1ST |
El Paso Chihuahuas batting - Pitching for Lehigh Valley IronPigs : RHP Soh Kawashima
|
Pitching: RHP Soh Kawashima
|
|
Batting: LHB Angel Mejia
|
0-0: Called Strike 0-1: Swinging Strike 0-2: Foul Ball, location: 2F 0-2: Fly out, F7 (Flyball, 7LS, EV 85.6 MPH)
|
Batting: RHB Andy Sheridan
|
0-0: Called Strike 0-1: Reached on error, E6 (Groundball, 6, EV 85.6 MPH)
|
Batting: SHB Adam Martin
|
0-0: Called Strike 0-1: Called Strike 0-2: Ball 1-2: Strikes out swinging
|
Batting: RHB Danny Bunn
|
0-0: Foul Ball, location: 2F 0-1: Swinging Strike 0-2: SINGLE (Groundball, 6MD, EV 95.0 MPH) Andy Sheridan to third
|
Batting: RHB Mike Maserang
|
0-0: Called Strike Danny Bunn is caught stealing 2nd base 2-4
|
Bottom of the 1st over - 0 runs, 1 hit, 1 error, 1 left on base; Lehigh Valley 0 - El Paso 0 |
TOP OF THE 2ND |
Lehigh Valley IronPigs batting - Pitching for El Paso Chihuahuas : RHP Jorge Guerrero
|
Batting: LHB Jose Carlos
|
0-0: Ball 1-0: SINGLE (Groundball, 34D, EV 103.8 MPH)
|
Batting: RHB Jesus Galvan
|
0-0: Ball 1-0: Foul Ball, location: 2F 1-1: Grounds into double play, 4-6-3 (Groundball, 4M, EV 88.8 MPH)
|
Batting: LHB Mike Davis
|
0-0: Foul Ball, location: 2F 0-1: Ball 1-1: Ball 2-1: Ball 3-1: Called Strike 3-2: Foul Ball, location: 2F 3-2: Foul Ball, location: 2F 3-2: Foul Ball, location: 2F 3-2: Foul Ball, location: 2F 3-2: Foul Ball, location: 2F 3-2: Base on Balls
|
Batting: RHB Moritake Fukumoto
|
0-0: Called Strike 0-1: Swinging Strike 0-2: Strikes out looking
|
Top of the 2nd over - 0 runs, 1 hit, 0 errors, 1 left on base; Lehigh Valley 0 - El Paso 0 |
BOTTOM OF THE 2ND |
El Paso Chihuahuas batting - Pitching for Lehigh Valley IronPigs : RHP Soh Kawashima
|
Batting: RHB Mike Maserang
|
0-0: Ball 1-0: Ball 2-0: Foul Ball, location: 2F 2-1: Fly out, F8 (Flyball, 8LXD, EV 91.9 MPH)
|
Batting: RHB Kiril Emeshin
|
0-0: Foul Ball, location: 2F 0-1: Called Strike 0-2: Ball 1-2: Ball 2-2: Ground out 3-1 (Groundball, 34S, EV 89.4 MPH)
|
Batting: RHB Dan Grable
|
0-0: Ball 1-0: Ball 2-0: Swinging Strike 2-1: Swinging Strike 2-2: Strikes out swinging
|
Bottom of the 2nd over - 0 runs, 0 hits, 0 errors, 0 left on base; Lehigh Valley 0 - El Paso 0 |
TOP OF THE 3RD |
Lehigh Valley IronPigs batting - Pitching for El Paso Chihuahuas : RHP Jorge Guerrero
|
Batting: RHB Charles Marcel
|
0-0: Called Strike 0-1: Ball 1-1: Ball 2-1: Foul Ball, location: 2F 2-2: Ball 3-2: Ground out 6-3 (Groundball, 6, EV 105.0 MPH)
|
Batting: RHB Joe Smack
|
0-0: Ball 1-0: Called Strike 1-1: Foul Ball, location: 2F 1-2: Strikes out looking
|
Batting: RHB Alberto Ramirez
|
0-0: Ball 1-0: Ball 2-0: Swinging Strike 2-1: Foul Ball, location: 2F 2-2: SINGLE (Groundball, 23, EV 68.1 MPH) (infield hit)
|
Batting: SHB Phuck II
|
0-0: Ball 1-0: Foul Ball, location: 2F 1-1: SINGLE (Groundball, 4MD, EV 105.0 MPH) Alberto Ramirez to second Runner from 2nd tries for 3rd, SAFE, throw by CF made to third
|
Batting: RHB Quintin Parker
|
0-0: Called Strike Phuck II steals 2nd base (no throw) 0-1: Ball 1-1: Ball 2-1: Foul Ball, location: 2F 2-2: Ball 3-2: Foul Ball, location: 2F 3-2: SINGLE (Groundball, 34D, EV 95.0 MPH) Alberto Ramirez scores Phuck II to third Runner from 3rd tries for Home, SAFE, throw by RF to home
|
Batting: LHB Jose Carlos
|
0-0: Ball 1-0: Ball Quintin Parker is caught stealing 2nd base 2-6
|
Top of the 3rd over - 2 runs, 3 hits, 0 errors, 0 left on base; Lehigh Valley 2 - El Paso 0 |
BOTTOM OF THE 3RD |
El Paso Chihuahuas batting - Pitching for Lehigh Valley IronPigs : RHP Soh Kawashima
|
Batting: RHB Matt Fabre
|
0-0: Ground out 6-3 (Groundball, 6, EV 100.0 MPH)
|
Batting: RHB Adam Noyes
|
0-0: Ball 1-0: Ball 2-0: Foul Ball, location: 2F 2-1: Foul Ball, location: 2F 2-2: Strikes out swinging
|
Batting: LHB Angel Mejia
|
0-0: Called Strike 0-1: Ball 1-1: Ball 2-1: SINGLE (Line Drive, 9LS, EV 110.6 MPH)
|
Batting: RHB Andy Sheridan
|
0-0: Ground out 4-3 (Groundball, 4, EV 81.2 MPH)
|
Bottom of the 3rd over - 0 runs, 1 hit, 0 errors, 1 left on base; Lehigh Valley 2 - El Paso 0 |
TOP OF THE 4TH |
Lehigh Valley IronPigs batting - Pitching for El Paso Chihuahuas : RHP Jorge Guerrero
|
Batting: LHB Jose Carlos
|
0-0: Called Strike 0-1: Ball 1-1: Called Strike 1-2: Foul Ball, location: 2F 1-2: Ball 2-2: Ball 3-2: Ground out 4-3 (Groundball, 4, EV 93.1 MPH)
|
Batting: RHB Jesus Galvan
|
0-0: Ball 1-0: Ball 2-0: Called Strike 2-1: Called Strike 2-2: Ground out 6-3 (Groundball, 56, EV 111.9 MPH)
|
Batting: LHB Mike Davis
|
0-0: Ball 1-0: SOLO HOME RUN (Flyball, 9D, EV 98.8 MPH), Distance : 387 ft
|
Batting: RHB Moritake Fukumoto
|
0-0: Ball 1-0: Ball 2-0: Ball 3-0: Called Strike 3-1: Foul Ball, location: 2F 3-2: Ground out U3 (Groundball, 34, EV 85.0 MPH)
|
Top of the 4th over - 1 run, 1 hit, 0 errors, 0 left on base; Lehigh Valley 3 - El Paso 0 |
BOTTOM OF THE 4TH |
El Paso Chihuahuas batting - Pitching for Lehigh Valley IronPigs : RHP Soh Kawashima
|
Batting: SHB Adam Martin
|
0-0: Ball 1-0: Called Strike 1-1: Called Strike 1-2: Strikes out swinging
|
Batting: RHB Danny Bunn
|
0-0: Called Strike 0-1: Ground out 6-3 (Groundball, 6, EV 81.9 MPH)
|
Batting: RHB Mike Maserang
|
0-0: Ball 1-0: Ground out 5-3 (Groundball, 56, EV 102.5 MPH)
|
Bottom of the 4th over - 0 runs, 0 hits, 0 errors, 0 left on base; Lehigh Valley 3 - El Paso 0 |
TOP OF THE 5TH |
Lehigh Valley IronPigs batting - Pitching for El Paso Chihuahuas : RHP Jorge Guerrero
|
Batting: RHB Charles Marcel
|
0-0: Ball 1-0: SINGLE (Groundball, 6D, EV 105.0 MPH)
|
Batting: RHB Joe Smack
|
0-0: Ball Charles Marcel is caught stealing 2nd base 2-4 1-0: Ball 2-0: Called Strike 2-1: SINGLE (Groundball, 56S, EV 67.5 MPH) (infield hit)
|
Batting: RHB Alberto Ramirez
|
0-0: Ball 1-0: Foul Ball, location: 2F 1-1: Called Strike 1-2: Foul Ball, location: 2F 1-2: Foul Ball, location: 2F 1-2: SINGLE (Flyball, 9S, EV 87.5 MPH) Joe Smack to second Runner from 2nd tries for 3rd, SAFE, no throw by RF
|
Batting: SHB Phuck II
|
0-0: Foul Ball, location: 2F 0-1: Called Strike 0-2: Ball 1-2: Strikes out swinging
|
Batting: RHB Quintin Parker
|
0-0: Called Strike 0-1: TRIPLE (Line Drive, 7LD, EV 110.6 MPH) Joe Smack scores Alberto Ramirez scores
|
Pitching: RHP Ethan Massey
|
|
Batting: LHB Jose Carlos
|
0-0: Called Strike 0-1: Called Strike 0-2: Foul Ball, location: 2F 0-2: Ball 1-2: Ball 2-2: Ball 3-2: Foul Ball, location: 2F 3-2: Foul Ball, location: 2F 3-2: 2-RUN HOME RUN (Flyball, 9D, EV 110.0 MPH), Distance : 413 ft
|
Batting: RHB Jesus Galvan
|
0-0: Ball 1-0: Called Strike 1-1: Ground out 1-3 (Groundball, 13S, EV 68.8 MPH)
|
Top of the 5th over - 4 runs, 5 hits, 0 errors, 0 left on base; Lehigh Valley 7 - El Paso 0 |
BOTTOM OF THE 5TH |
El Paso Chihuahuas batting - Pitching for Lehigh Valley IronPigs : RHP Soh Kawashima
|
Batting: RHB Kiril Emeshin
|
0-0: Foul Ball, location: 2F 0-1: Ball 1-1: Swinging Strike 1-2: Strikes out looking
|
Batting: RHB Dan Grable
|
0-0: DOUBLE (Line Drive, 8LD, EV 109.4 MPH)
|
Batting: RHB Matt Fabre
|
0-0: Ball 1-0: Foul Ball, location: 2F 1-1: Called Strike 1-2: Ground out 4-3 (Groundball, 4, EV 107.5 MPH) Dan Grable to third
|
Batting: RHB Adam Noyes
|
0-0: Swinging Strike 0-1: Ground out 3-1 (Groundball, 34, EV 105.6 MPH)
|
Bottom of the 5th over - 0 runs, 1 hit, 0 errors, 1 left on base; Lehigh Valley 7 - El Paso 0 |
TOP OF THE 6TH |
Lehigh Valley IronPigs batting - Pitching for El Paso Chihuahuas : RHP Ethan Massey
|
Batting: LHB Mike Davis
|
0-0: Called Strike 0-1: Foul Ball, location: 2F 0-2: Ball 1-2: Ball 2-2: Ground out 4-3 (Groundball, 4, EV 102.5 MPH)
|
Batting: RHB Moritake Fukumoto
|
0-0: Called Strike 0-1: Called Strike 0-2: Ball 1-2: Strikes out looking
|
Batting: RHB Charles Marcel
|
0-0: Foul Ball, location: 2F 0-1: Swinging Strike 0-2: Foul Ball, location: 2F 0-2: Foul Ball, location: 2F 0-2: Strikes out swinging
|
Top of the 6th over - 0 runs, 0 hits, 0 errors, 0 left on base; Lehigh Valley 7 - El Paso 0 |
BOTTOM OF THE 6TH |
El Paso Chihuahuas batting - Pitching for Lehigh Valley IronPigs : RHP Soh Kawashima
|
Batting: LHB Angel Mejia
|
0-0: Ground out 5-3 (Groundball, 6, EV 76.9 MPH)
|
Batting: RHB Andy Sheridan
|
0-0: Ball 1-0: Ball 2-0: Called Strike 2-1: Called Strike 2-2: Ball 3-2: Fly out, F7 (Flyball, 78D, EV 96.9 MPH)
|
Batting: SHB Adam Martin
|
0-0: Called Strike 0-1: Foul Ball, location: 2F 0-2: Ball 1-2: Ball 2-2: Ball 3-2: Foul Ball, location: 2F 3-2: Foul Ball, location: 2F 3-2: Base on Balls
|
Batting: RHB Danny Bunn
|
0-0: Ball Adam Martin steals 2nd base (no throw) 1-0: Fly out, F8 (Flyball, 78D, EV 80.6 MPH)
|
Bottom of the 6th over - 0 runs, 0 hits, 0 errors, 1 left on base; Lehigh Valley 7 - El Paso 0 |
TOP OF THE 7TH |
Lehigh Valley IronPigs batting - Pitching for El Paso Chihuahuas : RHP Ethan Massey
|
Batting: RHB Joe Smack
|
0-0: Ball 1-0: Ground out 5-3 (Groundball, 5, EV 85.0 MPH)
|
Batting: RHB Alberto Ramirez
|
0-0: Ball 1-0: Ball 2-0: Called Strike 2-1: Swinging Strike 2-2: Strikes out looking
|
Batting: SHB Phuck II
|
0-0: Foul Ball, location: 2F 0-1: Ball 1-1: Swinging Strike 1-2: Ball 2-2: Strikes out swinging
|
Top of the 7th over - 0 runs, 0 hits, 0 errors, 0 left on base; Lehigh Valley 7 - El Paso 0 |
BOTTOM OF THE 7TH |
El Paso Chihuahuas batting - Pitching for Lehigh Valley IronPigs : RHP Soh Kawashima
|
Batting: RHB Mike Maserang
|
0-0: SINGLE (Line Drive, 78S, EV 111.9 MPH)
|
Batting: RHB Kiril Emeshin
|
0-0: Called Strike 0-1: Fly out, F9 (Flyball, 9LSF, EV 83.1 MPH)
|
Batting: RHB Dan Grable
|
0-0: Fly out, F7 (Flyball, 7S, EV 86.9 MPH)
|
Batting: RHB Matt Fabre
|
0-0: Called Strike 0-1: Called Strike 0-2: Ground out 4-3 (Groundball, 4, EV 99.4 MPH)
|
Bottom of the 7th over - 0 runs, 1 hit, 0 errors, 1 left on base; Lehigh Valley 7 - El Paso 0 |
TOP OF THE 8TH |
Lehigh Valley IronPigs batting - Pitching for El Paso Chihuahuas : RHP Ethan Massey
|
Batting: RHB Quintin Parker
|
0-0: Hit by Pitch
|
Batting: LHB Jose Carlos
|
0-0: Swinging Strike 0-1: Swinging Strike 0-2: Ground out 4-3 (Groundball, 34, EV 107.5 MPH) Quintin Parker to second
|
Batting: RHB Jesus Galvan
|
0-0: Ball 1-0: Ball 2-0: Reached on error, E6 (Groundball, 6, EV 106.2 MPH) Quintin Parker scores
|
Pitching: RHP Nick Cunningham
|
|
Batting: LHB Mike Davis
|
0-0: SINGLE (Line Drive, 9LS, EV 89.4 MPH) Jesus Galvan to third Runner from 3rd tries for Home, SAFE, throw by RF to home Mike Davis to second
|
Batting: RHB Moritake Fukumoto
|
0-0: Ball 1-0: Ball 2-0: Ground out 6-3 (Groundball, 6S, EV 80.0 MPH) Mike Davis to third
|
Batting: RHB Charles Marcel
|
0-0: Foul Ball, location: 2F 0-1: Called Strike 0-2: Strikes out swinging
|
Top of the 8th over - 2 runs, 1 hit, 1 error, 1 left on base; Lehigh Valley 9 - El Paso 0 |
BOTTOM OF THE 8TH |
El Paso Chihuahuas batting - Pitching for Lehigh Valley IronPigs : RHP Soh Kawashima
|
Batting: RHB Adam Noyes
|
0-0: Ball 1-0: Ball 2-0: Ball 3-0: Base on Balls
|
Batting: LHB Angel Mejia
|
0-0: Foul Ball, location: 2F 0-1: Foul Ball, location: 2F 0-2: Foul Ball, location: 2F 0-2: Ball 1-2: 2-RUN HOME RUN (Flyball, 9LD, EV 95.0 MPH), Distance : 351 ft
|
Pinch Hitting: RHB Bobby Gulsby
|
0-0: Called Strike 0-1: Foul Ball, location: 2F 0-2: Ball 1-2: Ball 2-2: Foul Ball, location: 2F 2-2: SINGLE (Line Drive, 4MD, EV 110.0 MPH)
|
Pinch Hitting: RHB David Aguilar
|
0-0: Ball 1-0: Foul Ball, location: 2F 1-1: Ball 2-1: Fielders Choice at 2nd, 1-4 (Groundball, 15S, EV 67.5 MPH)
|
Pitching: RHP Rafael Pacheco
|
|
Now at 2B: Charles Marcel
|
|
Now at SS: Benjamin Brown
|
|
Pinch Hitting: LHB Sammy Roddenberry
|
0-0: Ball 1-0: Called Strike 1-1: Called Strike 1-2: SINGLE (Groundball, 34S, EV 71.2 MPH) (infield hit) David Aguilar to second
|
Batting: RHB Mike Maserang
|
0-0: Called Strike 0-1: Ball 1-1: Ball 2-1: Ball 3-1: Base on Balls David Aguilar to third Sammy Roddenberry to second
|
Batting: RHB Kiril Emeshin
|
0-0: Foul Ball, location: 2F 0-1: Ball 1-1: Swinging Strike 1-2: Strikes out swinging
|
Pinch Hitting: LHB Curt Maxwell
|
0-0: Ball 1-0: Fielders Choice at 2nd, 5-4 (Groundball, 56, EV 85.0 MPH)
|
Bottom of the 8th over - 2 runs, 3 hits, 0 errors, 3 left on base; Lehigh Valley 9 - El Paso 2 |
TOP OF THE 9TH |
Lehigh Valley IronPigs batting - Pitching for El Paso Chihuahuas : RHP Nick Cunningham
|
Now at 1B: Curt Maxwell
|
|
Now at 2B: Rene Montoya
|
|
Now at SS: Angel Mejia
|
|
Now in LF: David Aguilar
|
|
Now in CF: Sammy Roddenberry
|
|
Now in RF: Adam Noyes
|
|
Batting: RHB Joe Smack
|
0-0: SINGLE (Groundball, 25, EV 73.1 MPH) (infield hit)
|
Batting: RHB Alberto Ramirez
|
0-0: Ball 1-0: Foul Ball, location: 2F 1-1: Foul Ball, location: 2F 1-2: Ball 2-2: SINGLE (Groundball, 6D, EV 101.2 MPH) Joe Smack to second
|
Batting: SHB Phuck II
|
0-0: Swinging Strike 0-1: Foul Ball, location: 2F 0-2: Ball 1-2: Ball 2-2: Ball 3-2: Fly out, F8 (Flyball, 89D, EV 90.0 MPH) Runner from 2nd tags up, SAFE at 3rd, no throw by CF
|
Batting: RHB Quintin Parker
|
0-0: Ball 1-0: Swinging Strike 1-1: Called Strike 1-2: Ball 2-2: Strikes out swinging
|
Batting: LHB Jose Carlos
|
0-0: Called Strike 0-1: Called Strike 0-2: Fly out, F2 (Popup, 15S, EV 84.4 MPH)
|
Top of the 9th over - 0 runs, 2 hits, 0 errors, 2 left on base; Lehigh Valley 9 - El Paso 2 |
BOTTOM OF THE 9TH |
El Paso Chihuahuas batting - Pitching for Lehigh Valley IronPigs : RHP Rafael Pacheco
|
Batting: RHB Matt Fabre
|
0-0: Swinging Strike 0-1: SINGLE (Groundball, 34D, EV 107.5 MPH)
|
Batting: RHB Adam Noyes
|
0-0: Called Strike 0-1: Swinging Strike 0-2: Ball 1-2: Ball 2-2: Strikes out swinging
|
Batting: LHB Angel Mejia
|
0-0: Ball 1-0: Called Strike 1-1: Foul Ball, location: 2F 1-2: Ball Pickoff Throw by Catcher to First - Out! 2-2: SINGLE (Groundball, 4MD, EV 109.4 MPH)
|
Batting: RHB Rene Montoya
|
0-0: Ball 1-0: SINGLE (Groundball, 34D, EV 97.5 MPH) Angel Mejia to second
|
Batting: RHB David Aguilar
|
0-0: Fly out, F6 (Line Drive, 6, EV 66.2 MPH)
|
Bottom of the 9th over - 0 runs, 3 hits, 0 errors, 2 left on base; Lehigh Valley 9 - El Paso 2 |
|